Map: Acid Plant LE

Players

GOStephano (Stephano)

  • Race: Zerg Zerg
  • Spawn Location: 11:00

HeroMarine - Winner!

  • Race: Terran Terran
  • Spawn Location: 5:00

Event: WCS Austin 2018

VOD

Have the link to the VOD?

Description

Time

  • Played on: June 1, 2018, 9:49 p.m.
  • Length: 11:51

All games in this series

Show
View Real Time Build Order
Export as new Build Order

GOStephano Zerg 

Build Orders: Hatch First 

Get SALT Encoding   

  12  0:00  Drone  
  13  0:13  Overlord  
  13  0:17  Drone  
  14  0:31  Drone x2  
  16  0:48  Hatchery  
  15  0:51  Drone  
  15  0:55  Drone  
  17  0:58  Drone  
  18  1:10  Extractor  
  17  1:13  Spawning Pool  
  17  1:17  Drone  
  17  1:20  Drone  
  18  1:28  Drone  
  19  1:39  Drone  
  20  1:50  Drone  
  21  2:00  Queen x2  
  25  2:02  Zergling x4  
  27  2:12  Overlord  
  27  2:14  Drone  
  28  2:19  Metabolic Boost  
  28  2:28  Hatchery  
  27  2:31  Drone  
  27  2:33  Drone  
  29  2:40  Queen  
  32  2:44  Drone  
  32  2:48  Overlord  
  32  2:51  Drone  
  32  2:52  Drone  
  32  2:55  Drone  
  35  2:58  Drone  
  36  3:06  Overlord  
  36  3:08  Drone x2  
  36  3:09  Drone  
  39  3:17  Drone  
  39  3:18  Drone  
  39  3:19  Queen  
  43  3:24  Overlord  
  43  3:27  Overlord  
  43  3:31  Drone  
  44  3:36  Queen  
  46  3:43  Drone x5  
  51  3:50  Overlord  
  51  3:52  Drone x2  
  53  3:55  Queen  
  53  3:59  Zergling x2  
  53  4:02  Zergling x4  
  58  4:04  Drone  
  59  4:10  Evolution Chamber  
  59  4:12  Evolution Chamber, Drone  
  59  4:16  Drone  
  59  4:17  Spore Crawler, Queen  
  59  4:20  Overlord  
  59  4:21  Drone  
  60  4:26  Queen  
  60  4:29  Drone  
  63  4:33  Overlord  
  63  4:41  Zerg Ground Armor Level 1, Zerg Melee Weapons Level 1  
  63  4:43  Spore Crawler  
  62  4:50  Zergling x6  
  62  4:51  Zergling x6  
  68  4:54  Drone x2  
  68  4:58  Drone x5  
  75  5:00  Zergling x2  
  75  5:02  Drone, Zergling x2  
  75  5:05  Zergling x2  
  79  5:09  Spine Crawler  
  79  5:11  Spine Crawler  
  77  5:20  Zergling x16  
  75  5:26  Zergling x6  
  73  5:35  Zergling x16  
  70  5:45  Zergling x6  
  70  5:46  Queen  
  76  5:50  Drone  
  76  5:53  Drone  
  76  5:56  Lair  
  76  6:01  Drone x2  
  78  6:08  Drone x2  
  78  6:12  Hatchery  
  78  6:15  Drone x2  
  78  6:17  Queen  
  80  6:20  Drone  
  80  6:24  Overlord  
  80  6:25  Baneling Nest, Hatchery, Queen  
  81  6:34  Extractor  
  81  6:35  Extractor  
  81  6:38  Drone x2  
  81  6:39  Overlord x2  
  81  6:40  Overlord  
  81  6:56  Drone  
  81  7:00  Drone x2  
  84  7:05  Zerg Ground Armor Level 2  
  84  7:07  Drone x5  
  89  7:11  Drone, Extractor x2  
  88  7:17  Drone x5  
  88  7:18  Queen  
  88  7:19  Queen  
  97  7:26  Zerg Melee Weapons Level 2  
  97  7:31  Drone x7  
  104  7:42  Overlord  
  104  7:45  Hydralisk Den  
  104  7:46  Extractor  
  104  7:47  Zergling x18  
  104  7:48  Infestation Pit  
  104  7:49  Extractor  
  104  7:50  Extractor  
  108  7:52  Centrifical Hooks  
  108  7:55  Drone  
  109  8:00  Hatchery  
  109  8:02  Baneling  
  109  8:03  Baneling x4  
  109  8:05  Drone x3  
  111  8:06  Drone x3  
  114  8:14  Drone x2  
  114  8:15  Drone x3  
  114  8:18  Muscular Augments  
  119  8:23  Drone x2  
  119  8:24  Drone x5  
  126  8:32  Hive  
  126  8:39  Hydralisk x3  
  132  8:43  Overlord x5  
  125  9:01  Hydralisk x10  
  144  9:12  Hydralisk x4  
  153  9:17  Drone x2  
  153  9:20  Spore Crawler  
  153  9:21  Hatchery  
  152  9:28  Spore Crawler x2  
  152  9:30  Hatchery, Grooved Spines  
  147  9:31  Hydralisk  
  147  9:32  Hydralisk x7  
  163  9:45  Zergling x22  
  174  9:50  Overlord  
  172  10:08  Overlord x3, Drone  
  172  10:10  Drone  
  172  10:11  Drone x7  
  173  10:22  Zergling x28  
  173  10:27  Overlord  
  173  10:28  Baneling x13  
  182  10:29  Baneling x2  
  182  10:30  Zergling x2  
  182  10:31  Zergling x2  
  182  10:35  Zergling x8  
  188  10:40  Zergling x12  
  190  10:52  Queen x2  
  190  10:54  Zergling x16  
  190  10:56  Baneling x15  
  186  11:16  Zergling x2  
  186  11:17  Zergling x48  
  184  11:25  Hydralisk x2  
  139  11:29  Zergling x2  
  139  11:30  Zergling x10  
  134  11:35  Baneling x8  
  134  11:36  Baneling x5  
Show
View Real Time Build Order
Export as new Build Order

HeroMarine Terran - Winner!

Build Orders: Hellion Opening, Reaper Expand, Bio Tank 

Get SALT Encoding   

  12  0:00  SCV  
  13  0:12  SCV  
  14  0:17  Supply Depot  
  14  0:25  SCV  
  15  0:38  SCV  
  15  0:40  Barracks  
  16  0:44  Refinery  
  16  0:50  SCV  
  17  1:03  SCV  
  18  1:15  SCV  
  19  1:27  Orbital Command, Reaper  
  20  1:40  Command Center  
  20  1:48  Supply Depot  
  20  1:53  SCV  
  21  1:59  Marine  
  22  2:06  SCV  
  23  2:10  Factory  
  23  2:18  SCV  
  23  2:21  Refinery, Barracks Reactor  
  24  2:30  SCV  
  25  2:42  SCV  
  26  2:53  Orbital Command  
  26  2:54  SCV  
  26  2:55  Starport  
  27  3:01  Hellion x2  
  27  3:04  Barracks Tech Lab  
  31  3:06  SCV  
  32  3:18  SCV  
  34  3:20  SCV  
  34  3:22  Hellion x2, Marine  
  39  3:29  Supply Depot  
  39  3:32  Viking  
  41  3:35  SCV  
  41  3:36  SCV  
  43  3:43  Marauder  
  43  3:48  Concussive Shells, SCV  
  46  3:51  Hellion x2  
  46  3:53  Supply Depot  
  51  4:02  Medivac  
  52  4:05  Marauder  
  54  4:11  Armory  
  54  4:15  Hellion x2  
  58  4:17  Supply Depot  
  58  4:20  Supply Depot  
  58  4:27  SCV x2  
  60  4:34  Liberator  
  60  4:36  Hellion  
  62  4:39  Hellion  
  62  4:45  Supply Depot  
  64  4:49  Stimpack  
  67  4:53  SCV x2  
  67  4:57  Hellion  
  71  5:00  Hellion  
  71  5:05  SCV x2  
  71  5:07  Marine  
  75  5:09  Command Center  
  76  5:17  SCV x2  
  76  5:19  Hellion  
  75  5:29  SCV x2  
  75  5:32  Hellion  
  75  5:34  Marine  
  70  5:41  SCV x2  
  70  5:47  Engineering Bay  
  60  5:50  Engineering Bay  
  60  5:55  Starport Reactor  
  60  5:56  Barracks  
  58  5:59  Barracks  
  58  6:01  SCV  
  58  6:02  Barracks x2, SCV  
  60  6:05  Factory Tech Lab  
  60  6:14  Marine, SCV x2  
  60  6:18  Terran Infantry Weapons Level 1, Terran Infantry Armor Level 1  
  61  6:21  Orbital Command  
  61  6:26  SCV x2  
  61  6:31  Refinery x2, Marine  
  64  6:35  Siege Tank  
  64  6:38  SCV x2  
  69  6:40  Starport Reactor  
  69  6:45  Marine x2  
  69  6:46  Orbital Command  
  71  6:49  Marine  
  71  6:50  SCV x2  
  71  6:53  Combat Shields  
  74  6:59  Barracks Reactor x2, Marine x2  
  76  7:02  SCV x2  
  76  7:03  Marine x2  
  80  7:09  Marine  
  80  7:12  Siege Tank  
  80  7:14  SCV x2  
  86  7:16  SCV  
  86  7:17  Marine x2  
  86  7:18  Refinery  
  86  7:21  Marine, Supply Depot  
  86  7:22  Supply Depot  
  90  7:23  Marine  
  90  7:26  SCV x2  
  90  7:27  Marine  
  90  7:28  Medivac x2, SCV  
  99  7:32  Supply Depot  
  99  7:33  Supply Depot  
  99  7:35  Marine x2  
  101  7:40  Factory  
  101  7:42  Marine x5, SCV x3  
  109  7:44  Marine  
  109  7:45  Marine  
  109  7:46  Supply Depot  
  111  7:52  Marine  
  111  7:53  Marine  
  111  7:55  Supply Depot  
  111  7:56  Supply Depot  
  111  7:58  Siege Tank  
  119  8:00  Marine x2  
  119  8:05  Barracks x2  
  118  8:07  Medivac, Barracks  
  120  8:13  Terran Infantry Weapons Level 2  
  120  8:17  Terran Infantry Armor Level 2  
  120  8:18  Marine x2  
  120  8:19  Marine x3  
  125  8:22  Marine  
  125  8:23  Marine x2  
  125  8:24  Marine  
  129  8:27  Factory Tech Lab  
  129  8:30  Siege Tank  
  132  8:36  Marine x2  
  132  8:37  Marine  
  132  8:39  Marine x2  
  137  8:42  Supply Depot  
  137  8:43  Marine x3  
  137  8:44  Hellion x3  
  140  8:51  Siege Tank  
  140  8:52  Marine x2  
  144  8:57  Marine x3  
  144  8:58  Marine  
  144  8:59  Marine x2  
  144  9:02  Siege Tank  
  148  9:03  Marine x2  
  148  9:09  Marine x2  
  152  9:10  Supply Depot  
  152  9:11  Supply Depot  
  152  9:12  Marine x2  
  152  9:15  Supply Depot  
  152  9:16  Marine  
  155  9:17  Marine  
  155  9:19  Marine  
  155  9:21  Marine x2  
  155  9:23  Siege Tank  
  162  9:25  Marine x2  
  164  9:34  Siege Tank  
  164  9:37  Hellion  
  167  9:42  Marine x2  
  167  9:43  Marine  
  167  9:44  Marine x2  
  167  9:45  Marine, Terran Vehicle Weapons Level 1  
  171  9:46  Marine x2  
  171  9:47  Medivac x2  
  171  9:49  Marine x2  
  179  9:55  Siege Tank  
  179  9:57  Sensor Tower  
  175  10:03  Marine x2  
  175  10:06  Marine x3, Siege Tank  
  175  10:07  Marine x3  
  183  10:08  Supply Depot  
  183  10:10  Marine  
  183  10:12  Marine x2  
  189  10:17  Supply Depot  
  189  10:19  Marine  
  189  10:21  Marine x2  
  187  10:28  Medivac  
  187  10:29  Medivac, Siege Tank  
  187  10:32  Supply Depot  
  193  10:37  Marine x3  
  193  10:38  Siege Tank  
  193  10:40  Marine  
  200  10:49  Marine x2  
  194  10:50  Marine x2  
  194  10:51  Marine  
  194  10:56  Marine  
  194  10:57  Marine  
  199  11:02  Marine x2  
  197  11:09  Medivac x2  
  197  11:10  Marine x2  
  194  11:11  Marine x2  
  194  11:15  Marine x4  
  192  11:23  Marine  
  192  11:25  Marine x3  
  171  11:30  Marine  
  171  11:31  Marine  
  171  11:32  Marine x2  
Tags
 
Add a new tag
Caveats
  • Supply blocks, unpowered buildings, or Contaminate may cause inaccurate times.
  • Supply counts are checked every 10 seconds.